 Dungeon Crawl Stone Soup version 0.24.0-13-gcf9b3192b9 (webtiles) character file.

Game seed: 12679184741630636267, levelgen mode: deterministic

63 Matador8 the Poker (level 4, 0/39 HPs)
             Began as a Naga Skald on Nov 6, 2019.
             Slain by a howler monkey (3 damage)
             ... on level 4 of the Dungeon.
             The game lasted 00:05:44 (2217 turns).

Matador8 the Poker (Naga Skald)                     Turns: 2217, Time: 00:05:44

Health: 0/39       AC:  2    Str: 13    XL:     4   Next: 10%
Magic:  4/7        EV:  9    Int: 14    God:
Gold:   102        SH:  0    Dex: 11    Spells: 3/7 levels left

rFire    . . .     SeeInvis +   a - +0 spear
rCold    . . .     Gourm    .   (no shield)
rNeg     . . .     Faith    .   b - +0 leather armour
rPois    +         Spirit   .   (no helmet)
rElec    .         Reflect  .   (no cloak)
rCorr    .         Harm     .   (no gloves)
MR       .....                  (no barding)
Stlth    +.........             (no amulet)
HPRegen  0.13/turn              (no ring)
MPRegen  0.10/turn              (no ring)

@: lethally poisoned (0 -> -3), infused, hasted, quick
A: large, see invisible, deformed body, poison resistance, slowness 2, slow
metabolism 1, spit poison 1, AC +1
a: Spit Poison


You were on level 4 of the Dungeon.
You were not hungry.

You visited 1 branch of the dungeon, and saw 3 of its levels.

You collected 102 gold pieces.

Inventory:

Hand Weapons
 a - a +0 spear (weapon)
Armour
 b - a +0 leather armour (worn)
Wands
 k - a wand of paralysis (12)
Scrolls
 c - a scroll of enchant weapon {unknown}
 e - 4 scrolls of identify {unknown}
 f - a scroll of teleportation {unknown}
 g - a scroll of fog {unknown}
 h - a scroll of magic mapping {unknown}
 j - a scroll of enchant armour {unknown}
Comestibles
 d - 2 rations


   Skills:
 - Level 2.0 Fighting
 - Level 4.0 Polearms
 - Level 0.7 Armour
 - Level 1.5 Dodging
 - Level 2.0 Spellcasting
 + Level 0.5 Hexes
 + Level 3.1 Charms


You had 3 spell levels left.
You knew the following spells:

 Your Spells              Type           Power        Failure   Level  Hunger
a - Infusion              Chrm           ##..         9%          1    ##.....
b - Spectral Weapon       Hex/Chrm       #.......     38%         3    ####...

Your spell library contained the following spells:

 Spells                   Type           Power        Failure   Level  Hunger
 Song of Slaying          Chrm           ##......     13%         2    ###....
 Shroud of Golubria       Chrm/Tloc      #.....       24%         2    ###....
 Regeneration             Chrm/Necr      #.........   43%         3    ####...


Dungeon Overview and Level Annotations

Branches:
Dungeon (2/15)

Altars:


Innate Abilities, Weirdness & Mutations

You cannot wear boots.
Your serpentine skin is tough. (AC +1)
You have supernaturally acute eyesight. (SInv)
Armour fits poorly on your strangely shaped body.
Your system is resistant to poisons. (rPois)
You cover ground very slowly.
You have a slow metabolism.
You can spit poison.


Message History

You are poisoned.
The adder poisons you! The howler monkey hits you.
You closely miss the adder.
The adder is almost dead.
You feel sick. The adder bites you. The howler monkey hits you!
The adder barely misses you. The howler monkey hits you.
You miss the adder.
The adder is almost dead.
You have got your breath back.
You kill the adder!
You have reached level 4!
You feel agile. The howler monkey hits you.
* * * LOW HITPOINT WARNING * * *
It was a potion of haste.
You feel yourself speed up.
You feel sick. The howler monkey hits you.
* * * LOW HITPOINT WARNING * * *
Unknown command.
You closely miss the howler monkey. The howler monkey hits you.
You die...

...#
#########...#
#...........#
#....%%.....
#.........#
#.........#
#.........#
#.........#
#.....@...+
#......h..#
#.........>...
#######.......
.......
.......
.......
.......


You could see a howler monkey.

Vanquished Creatures
  3 adders
  2 oozes (D:2)
  A giant cockroach (D:1)
  3 hobgoblins
  3 kobolds
  10 bats
  A frilled lizard (D:2)
  2 goblins
  4 rats
29 creatures vanquished.

Notes
Turn   | Place    | Note
-------+----------+-------------------------------------------
     0 | D:1      | Matador8 the Naga Skald began the quest for the Orb.
     0 | D:1      | Reached XP level 1. HP: 19/19 MP: 3/3
   287 | D:1      | Reached XP level 2. HP: 15/26 MP: 0/5
   545 | D:1      | Reached skill level 3 in Polearms
  1608 | D:2      | Reached XP level 3. HP: 31/32 MP: 6/6
  2012 | D:2      | Reached skill level 4 in Polearms
  2020 | D:2      | Learned a level 3 spell: Spectral Weapon
  2203 | D:2      | You fall into a shaft and drop 2 floors!
  2215 | D:4      | Reached XP level 4. HP: 15/39 MP: 4/7
  2217 | D:4      | Slain by a howler monkey

Levels and vault maps discovered:
D:1:      tarquinn_simple_flora_water_e, layout_basic
D:2:      layout_basic
D:4:      minmay_recursive_quarters, layout_basic, minmay_temple_entry_ruins,
          first_ration, serial_shops, shop

Skill      XL: |  1  2  3 |
---------------+----------+-----
Polearms       | 3 4 |  4.0
Fighting       | |  2.0
Armour         | |  0.7
Dodging        | |  1.5
Spellcasting   | |  2.0
Hexes          | |  0.5
Charms         | |  3.1

Action                   |  1- 3 |  4- 6 || total
-------------------------+-------+-------++-------
Melee: Spear             |   134 |     1 ||   135
 Cast: Infusion          |     5 |       ||     5
 Abil: Spit Poison       |     5 |       ||     5
  Use: Potion            |       |     1 ||     1
 Stab: Sleeping          |     1 |       ||     1
  Eat: Chunk             |     2 |       ||     2
       Ration            |     1 |       ||     1
Armor: Leather armour    |    44 |       ||    44
Dodge: Dodged            |    65 |       ||    65
